 Dungeon Crawl Stone Soup version 0.24-a0-525-g9231cdcba1 (webtiles) character file.

Game seed: 17561302965212968872

3627 Peloso the Carver (level 9, -4/79 HPs)
             Began as a Minotaur Fighter on Aug 2, 2019.
             Was a Priest of Okawaru.
             Slain by Joseph
             ... wielding a +0 quarterstaff
              (15 damage)
             ... on level 8 of the Dungeon.
             The game lasted 00:16:18 (8522 turns).

Peloso the Carver (Minotaur Fighter)                Turns: 8522, Time: 00:16:18

Health: -4/79      AC: 11    Str: 23    XL:     9   Next: 87%
Magic:  8/8        EV: 10    Int:  5    God:    Okawaru [***...]
Gold:   361        SH: 11    Dex: 11    Spells: 8/8 levels left

rFire    . . .     SeeInvis .   a - +0 long sword
rCold    . . .     Gourm    .   c - +0 shield
rNeg     + . .     Faith    .   b - +0 scale mail
rPois    .         Spirit   .   (helmet restricted)
rElec    .         Reflect  .   G - +0 cloak
rCorr    .         Harm     +   (no gloves)
MR       .....                  E - +0 pair of boots
Stlth    ..........             H - amulet of harm
HPRegen  0.23/turn              y - ring of positive energy
MPRegen  0.11/turn              m - ring of flight

@: studying Armour
A: retaliatory headbutt, horns 2
a: Heroism, Renounce Religion, Evoke Flight


You were on level 8 of the Dungeon.
You worshipped Okawaru.
Okawaru was most pleased with you.
You were near starving.

You visited 2 branches of the dungeon, and saw 9 of its levels.

You collected 361 gold pieces.

Inventory:

Hand Weapons
 a - a +0 long sword (weapon)
 v - a +2 short sword of speed
 z - a +1 war axe of flaming
Armour
 b - a +0 scale mail (worn)
 c - a +0 shield (worn)
 E - a +0 pair of boots (worn)
 G - a +0 cloak (worn)
Jewellery
 d - an uncursed ring of fire
 j - the ring "Ilydu" {*Corrode +Blink +Fly rN+ Dex+2}
   (You found it on level 4 of the Dungeon)

   [ring of dexterity]

   It affects your dexterity (+2).
   It protects you from negative energy.
   It lets you fly.
   It lets you blink.
   It may corrode you when you take damage.
 m - a ring of flight (right hand)
 y - a ring of positive energy (left hand)
 H - an amulet of harm (around neck)
 J - an uncursed ring of fire
Wands
 B - a wand of digging (4)
 C - a wand of clouds (7)
 D - a wand of flame (18)
 K - a wand of random effects (11)
Scrolls
 g - 7 scrolls of remove curse
 h - a scroll of fear {unknown}
 i - 2 scrolls of blinking {unknown}
 l - a scroll of teleportation {unknown}
 o - 2 scrolls of enchant armour {unknown}
 q - 2 scrolls of magic mapping {unknown}
 r - 5 scrolls of fog {unknown}
 t - 3 scrolls of identify {unknown}
 A - a scroll of immolation {unknown}
Potions
 e - 2 potions of flight
 k - 2 potions of invisibility
 n - a potion of mutation {unknown}
 p - a potion of ambrosia {unknown}
 s - 2 potions of lignification
 u - a potion of magic {unknown}
 w - a potion of berserk rage
 x - 2 potions of curing
 F - a potion of degeneration {unknown}
Books
 I - a manual of Armour
Comestibles
 f - 11 rations


   Skills:
 + Level 7.6 Fighting
 + Level 10.7 Long Blades
 + Level 9.1 Armour
 + Level 4.2 Dodging
 + Level 0.6 Stealth
 + Level 7.8 Shields


You had 8 spell levels left.
You didn't know any spells.
Your spell library was empty.

Dungeon Overview and Level Annotations

Branches:
Dungeon (8/15)             Temple (1/1) D:6
   Lair: D:8-11

Altars:
Cheibriados
Dithmenos
Gozag
Makhleb
Okawaru
Qazlal
Ru
Uskayaw
Vehumet
Wu Jian
Xom
Yredelemnul
Zin
The Shining One

Shops:
D:5 [

Annotations:
D:6 1 runed translucent door
D:8 Joseph


Innate Abilities, Weirdness & Mutations

You reflexively headbutt those who attack you in melee.
You have a pair of horns on your head.


Message History

Joseph hits you with a +0 quarterstaff.
You slash Joseph!
Joseph is severely wounded.
Joseph hits you with a +0 quarterstaff! Joseph hits you with a +0 quarterstaff.
You closely miss Joseph.
Joseph is severely wounded.
Joseph hits you with a +0 quarterstaff!!
* * * LOW HITPOINT WARNING * * *
You barely miss Joseph.
Joseph is severely wounded.
You block Joseph's attack.
You hit Joseph. You headbutt Joseph!
Joseph is severely wounded.
Joseph barely misses you. You furiously retaliate!
You headbutt Joseph. You hit Joseph but do no damage.
Joseph is severely wounded.
You block Joseph's attack.
You feel better. Joseph hits you but does no damage.
Joseph hits you with a +0 quarterstaff!
You die...

####.......### ##...
................####...#
......##...###.........#
..... #...# ##.........
.....# #...## ##........
......###...# ##.......
....>..##...# ##......#
......@.#...####...†...#
.......@....##.........#
#..##..<................
...##..................
...###................#
....###................
.....##...........(.#._
.........#####.........
##......## ###..#...#
#.......## #..#....


You could see Joseph (berserk).

Vanquished Creatures
  The ghost of bmj180 the Chopper, a novice HuFi of Okawaru (D:6)
  Grinder (D:6)
  A hippogriff (D:7)
  Sigmund (D:4)
  Eustachio (D:5)
  Menkaure (D:7)
  2 sky beasts
  3 ice beasts
  A phantom (D:6)
  The ghost of Titania the Conjurer, an amateur DrCj (D:4)
  A centaur (D:5)
  5 ogres
  2 bullfrogs
  2 scorpions
  A water moccasin skeleton (D:7)
  3 crimson imps
  Crazy Yiuf (D:7)
  3 hounds
  3 jellies
  A bullfrog skeleton (D:4)
  A centaur skeleton (D:5)
  3 orc priests
  A gnoll shaman (D:6)
  4 orc wizards
  3 worker ants
  A hound skeleton (D:6)
  8 gnolls
  6 adders
  A white imp (D:4)
  A worker ant simulacrum (D:4)
  An ooze (D:1)
  2 adder skeletons
  2 worms (D:2)
  An adder simulacrum (D:4)
  3 dart slugs (D:1)
  8 leopard geckos
  24 orcs
  A ball python (D:4)
  4 giant cockroaches
  5 hobgoblins
  4 iguanas
  2 quokkas
  A ball python simulacrum (D:4)
  4 bats
  11 frilled lizards
  A giant cockroach simulacrum (D:4)
  7 goblins
  13 kobolds
  A leopard gecko simulacrum (D:4)
  8 rats
167 creatures vanquished.

Notes
Turn   | Place    | Note
-------+----------+-------------------------------------------
     0 | D:1      | Peloso the Minotaur Fighter began the quest for the Orb.
     0 | D:1      | Reached XP level 1. HP: 19/19 MP: 0/0
    55 | D:1      | Reached XP level 2. HP: 26/27 MP: 1/1
   204 | D:1      | You fall into a shaft and drop 1 floor!
   280 | D:2      | Reached skill level 3 in Long Blades
   317 | D:2      | Reached XP level 3. HP: 33/33 MP: 2/2
  1105 | D:2      | Found a sacrificial altar of Ru.
  1209 | D:2      | Found an opulent altar of Gozag.
  1209 | D:2      | Found a glowing silver altar of Zin.
  1488 | D:2      | Reached XP level 4. HP: 39/40 MP: 3/3
  1489 | D:2      | Found a shimmering altar of Xom.
  1492 | D:2      | Found a shimmering altar of Xom.
  1505 | D:2      | Reached skill level 4 in Long Blades
  1617 | D:3      | Noticed a bullfrog
  1625 | D:3      | Killed a bullfrog
  1625 | D:3      | Reached skill level 1 in Dodging
  1625 | D:3      | Reached XP level 5. HP: 38/47 MP: 4/4
  1757 | D:3      | Reached skill level 5 in Long Blades
  1809 | D:3      | Found a stormy altar of Qazlal.
  2386 | D:3      | You fall into a shaft and drop 3 floors!
  2386 | D:6      | Found a staircase to the Ecumenical Temple.
  2402 | D:6      | Reached skill level 5 in Armour
  2402 | D:6      | Reached XP level 6. HP: 43/53 MP: 5/5
  2457 | Temple   | Entered the Ecumenical Temple
  2493 | Temple   | Became a worshipper of Warmaster Okawaru
  2542 | D:6      | Found a runed translucent door.
  2547 | D:6      | Noticed bmj180's ghost (novice HuFi)
  2601 | D:6      | Reached skill level 6 in Long Blades
  2610 | D:5      | Entered Level 5 of the Dungeon
  2622 | D:5      | Reached skill level 5 in Fighting
  2628 | D:5      | Reached XP level 7. HP: 52/61 MP: 6/6
  2929 | D:3      | Reached skill level 5 in Shields
  3287 | D:4      | Noticed Sigmund
  3315 | D:4      | HP: 3/62 [something (6)]
  3373 | D:4      | Killed Sigmund
  3373 | D:4      | Reached skill level 7 in Long Blades
  3587 | D:4      | Found a runed translucent gate.
  3587 | D:4      | Found a runed translucent gate.
  3587 | D:4      | Found a runed translucent gate.
  3826 | D:4      | Noticed Titania's ghost (amateur DrCj)
  3902 | D:4      | Got a transparent golden ring
  4050 | D:4      | Identified the ring "Ilydu" {*Corrode +Blink +Fly rN+
                  | Dex+2} (You found it on level 4 of the Dungeon)
  4129 | D:5      | Reached * piety under Okawaru
  4129 | D:5      | Reached XP level 8. HP: 60/70 MP: 7/7
  4262 | D:5      | Found Tekabaam's Armour Shop.
  4306 | D:5      | Reached skill level 8 in Long Blades
  4714 | D:5      | Noticed Eustachio
  4752 | D:5      | Killed Eustachio
  5904 | D:6      | Noticed Grinder
  5922 | D:6      | Killed Grinder
  6015 | D:6      | Found an ornate altar of the Wu Jian Council.
  6063 | D:6      | You fall into a shaft and drop 2 floors!
  6108 | D:8      | Found a radiant altar of Vehumet.
  6123 | D:8      | Reached skill level 9 in Long Blades
  6346 | D:7      | Noticed a hippogriff
  6354 | D:7      | Killed a hippogriff
  6354 | D:7      | Reached ** piety under Okawaru
  6354 | D:7      | Reached XP level 9. HP: 72/78 MP: 8/8
  6763 | D:7      | Found a runed translucent door.
  6764 | D:7      | Noticed Crazy Yiuf
  6773 | D:7      | Killed Crazy Yiuf
  7087 | D:7      | Noticed Menkaure
  7093 | D:7      | Killed Menkaure
  7301 | D:6      | Found a runed translucent door.
  7311 | D:6      | Reached skill level 10 in Long Blades
  7526 | D:6      | Found a glowing golden altar of the Shining One.
  7971 | D:4      | Killed Titania's ghost
  8000 | D:4      | Reached *** piety under Okawaru
  8189 | D:6      | Killed bmj180's ghost
  8509 | D:8      | Noticed Joseph
  8522 | D:8      | Slain by Joseph

Levels and vault maps discovered:
D:1:      dpeg_arrival_refuge, layout_basic
D:2:      layout_loops_ring, grunt_temple_overflow_gold_and_silver,
          overflow_temple_1_default, nicolae_overflow_crystal_walls,
          dk_xom_monty_hall
D:3:      layout_basic, lemuel_doored_altar
D:4:      layout_basic, gammafunk_ghost_icy, uniq_sigmund
D:5:      layout_layer_cave, serial_shops, shop, first_ration,
          lemuel_flamethrower_2, uniq_eustachio
D:6:      layout_basic, lemuel_crystal_altar, old_standard_altar,
          minmay_temple_entry_junction_2, ebering_ghost_sewer_f,
          minmay_manual_monstrance, uniq_grinder
D:7:      layout_loops_corners, st_stairs_10, chequers_decorated_corner,
          chequers_serial_rivers_micro_d, uniq_menkaure, uniq_crazy_yiuf_cottage
D:8:      layout_layer_cave, vehumet_altar_wand_db, old_standard_altar,
          the_bakery, uniq_joseph
Temple:   oiseaux_autumnal_temple

Skill      XL: |  1  2  3  4  5  6  7  8  9 |
---------------+----------------------------+-----
Fighting       | 4 5 6 7 |  7.6
Shields        | 4 5 6 7 |  7.8
Long Blades    | 3 4 5 6 7 9 10 | 10.7
Armour         | 4 5 7 9 |  9.1
Dodging        | 1 2 3 4 |  4.2
Stealth        | |  0.6

Action                   |  1- 3 |  4- 6 |  7- 9 || total
-------------------------+-------+-------+-------++-------
Melee: Long sword        |    87 |   101 |   378 ||   566
       Headbutt          |    14 |    30 |    80 ||   124
  Use: Potion            |       |     1 |     7 ||     8
       Scroll            |       |       |     1 ||     1
  Eat: Chunk             |     1 |     4 |    11 ||    16
       Ration            |       |       |     2 ||     2
Armor: Scale mail        |    55 |    31 |   114 ||   200
       Skin              |       |       |    20 ||    20
Dodge: Dodged            |    21 |    39 |   101 ||   161
Block: Shield            |    34 |    64 |   176 ||   274
       Rpst.: Long sword |     6 |     7 |    25 ||    38

Table legend:
 A = Non-vault XP
 B = Vault XP
 C = Vault XP percentage of total XP
 D = Non-vault monster count
 E = Vault monster count
 F = Vault count percentage of total count
                 A         B        C        D         E       F
            +---------+---------+-------+---------+---------+-------
      Total |    2795 |    2387 |  46.1 |     139 |      28 |  16.8
            +---------+---------+-------+---------+---------+-------
        D:1 |      53 |       0 |   0.0 |      28 |       0 |   0.0
        D:2 |      34 |      89 |  72.4 |      12 |       3 |  20.0
        D:3 |     285 |       0 |   0.0 |      25 |       0 |   0.0
        D:4 |     305 |     485 |  61.4 |      15 |       9 |  37.5
        D:5 |     735 |     197 |  21.1 |      17 |       1 |   5.6
        D:6 |     804 |    1211 |  60.1 |      27 |       9 |  25.0
        D:7 |     453 |     403 |  47.1 |      10 |       5 |  33.3
        D:8 |     126 |       2 |   1.6 |       5 |       1 |  16.7
            +---------+---------+-------+---------+---------+-------
